 Seeded DCSS version 0.27.1-34-g3ba077fa99 (webtiles) character file.

Game seed: 17438665072932102009 (custom seed)

79 hikkokomori the Caller (level 4, -1/34 HPs)
             Began as a Merfolk Summoner on Feb 2, 2022.
             Killed from afar by Natasha (2 damage)
             ... with a magic dart
             ... on level 3 of the Dungeon.
             The game lasted 00:13:16 (4149 turns).

hikkokomori the Caller (Merfolk Summoner)           Turns: 4149, Time: 00:13:17

Health: -1/34      AC:  2    Str:  8    XL:     4   Next: 37%
Magic:  1/7        EV: 13    Int: 15    God:
Gold:   69         SH:  0    Dex: 14    Spells: 4/7 levels left

rFire    . . .     SeeInvis .   f - +0 spear (venom)
rCold    . . .     Faith    .   (no shield)
rNeg     . . .     Spirit   .   a - +0 robe
rPois    .         Reflect  .   (no helmet)
rElec    .         Harm     .   (no cloak)
rCorr    .         Rampage  .   (no gloves)
Will     .....                  (no boots)
Stlth    ++........             (no amulet)
HPRegen  0.11/turn              (no ring)
MPRegen  0.10/turn              (no ring)

@: no status effects
A: (nimble swimmer 2), mertail
a: no special abilities


You were on level 3 of the Dungeon.
You visited 1 branch of the dungeon, and saw 3 of its levels.

You collected 69 gold pieces.

Inventory:

Hand Weapons
 d - a +0 club
 f - a +0 spear of venom (weapon)
Missiles
 l - a throwing net
Armour
 a - a +0 robe (worn)
Wands
 p - a wand of iceblast (7)
Scrolls
 c - 2 scrolls of identify {unknown}
 g - a scroll of teleportation {unknown}
 h - 2 scrolls of blinking {unknown}
 i - a scroll of immolation {unknown}
 j - a scroll of brand weapon
 k - a scroll of acquirement {unknown}
 m - a scroll of enchant weapon {unknown}
Potions
 b - 2 potions of experience {unknown}
 e - 5 potions of curing {unknown}
 n - 2 potions of invisibility {unknown}
 o - a potion of heal wounds {unknown}
 q - a potion of degeneration {unknown}


   Skills:
 * Level 2.5 Fighting
 + Level 0.7 Polearms
 - Level 3.4 Dodging
 - Level 2.9 Stealth
 - Level 2.0 Spellcasting
 + Level 4.4 Summonings


You had 4 spell levels left.
You knew the following spells:

 Your Spells              Type           Power      Damage    Failure   Level
a - Summon Small Mammal   Summ           56%        N/A       3%          1
b - Call Imp              Summ           14%        N/A       5%          2

Your spell library contained the following spells:

 Spells                   Type           Power      Damage    Failure   Level
 Call Canine Familiar     Summ           14%        N/A       11%         3
 Summon Guardian Golem    Hex/Summ       8%         N/A       26%         3
 Summon Lightning Spire   Summ/Air       8%         N/A       65%         4


Dungeon Overview and Level Annotations

Branches:
Dungeon (3/15)

Altars:
Elyvilon

Shops:
D:1 *

Annotations:
D:3 Natasha


Innate Abilities, Weirdness & Mutations

((You are quick and stealthy near water. (Stealth+, EV+, Speed+++)))
Your lower body shifts to a powerful aquatic tail in water.


Message History

You closely miss Natasha.
Natasha is severely wounded.
Natasha claws you.
* * * LOW HITPOINT WARNING * * *
The crimson imp barely misses you.
Unknown command.
You hit Natasha but do no damage.
Natasha is severely wounded.
Natasha misses you. The crimson imp closely misses you.
Unknown command.
Casting: Call Imp (safe; 5% risk of failure)
Confirm with . or Enter, or press ? or * to list all spells.
You don't have enough magic to cast this spell.
Okay, then.
As you read the scroll labelled PEYSUERPHE UCRU, it crumbles to dust.
It is a scroll of brand weapon.
Your +0 spear drips with poison.
f - a +0 spear of venom (weapon)
Natasha closely misses you.
The crimson imp shouts, "Give in, thou obnoxious swag-bellied giglet!"
The crimson imp hits you.
* * * LOW HITPOINT WARNING * * *
You hit Natasha.
Natasha is poisoned.
Natasha is almost dead.
Natasha casts a spell at you. You resist with some effort.
The crimson imp hits you but does no damage.
Unknown command.
You closely miss Natasha.
Natasha is almost dead.
Natasha claws you.
* * * LOW HITPOINT WARNING * * *
Your crimson imp blinks!
The crimson imp barely misses you.
Unknown command.
You closely miss Natasha.
Natasha is almost dead.
Natasha stares at you and mumbles some strange words.
The magic dart hits you.
You die...

###.......#####.#
.....#.##...#...############
###....###..#...........##.#
# #..#.###).....(..........#
# #..##....)..h....###.#####
#
#..###...###5###..##5######
# #..# ###.# #.#
#..........# # #..#
#.###'###..##.####<# # #..#
#.###_h@5.###.# #.#
###..#####.###'###.# #.#
#.### #..........# #.#
#.###<# #...#
...........###.###.....#
###.#
...#######.........#.### #.#
...# #..............# #.#
#..# #.##.#######.#.# #.#
#..# #.#...######.#.# #.#
#..# ##...#......#.#.# #.#


You could see Natasha (very poisoned, ally target), a crimson imp (summoned) and
a friendly crimson imp (summoned).

Vanquished Creatures
  A gnoll (D:1)
  An adder (D:2)
  2 dart slugs
  An orc (D:3)
  7 bats
  4 endoplasms
  A giant cockroach (D:3)
  3 goblins
  2 hobgoblins
  A jackal (D:1)
  A kobold (D:3)
  2 quokkas
  7 ball pythons
  3 frilled lizards
  6 rats
42 creatures vanquished.

Vanquished Creatures (collateral kills)
  An adder (D:2)
  An orc (D:3)
  An endoplasm (D:1)
  3 goblins
  3 hobgoblins
  A jackal (D:1)
  A quokka (D:1)
  A bat (D:2)
  2 frilled lizards (D:2)
  A rat (D:2)
15 creatures vanquished.

Vanquished Creatures (others)
  A plant (D:1)
1 creature vanquished.

Grand Total: 58 creatures vanquished

Notes
Turn   | Place    | Note
-------+----------+-------------------------------------------
     0 | D:1      | hikkokomori the Merfolk Summoner began the quest for the
                  | Orb.
     0 | D:1      | Reached XP level 1. HP: 13/13 MP: 3/3
   668 | D:1      | Found Wumasosm's Assorted Antiques.
  1004 | D:1      | Reached skill level 1 in Fighting
  1004 | D:1      | Reached XP level 2. HP: 4/21 MP: 1/5
  1689 | D:1      | Reached XP level 3. HP: 17/26 MP: 6/6
  2220 | D:2      | Found a faded altar of an unknown god.
  2337 | D:2      | Learned a level 2 spell: Call Imp
  2744 | D:2      | Reached XP level 4. HP: 33/33 MP: 2/7
  3455 | D:3      | Found a white marble altar of Elyvilon.
  4081 | D:3      | Noticed Natasha
  4148 | D:3      | HP: 1/34 [Natasha (6)]
  4149 | D:3      | Killed from afar by Natasha

Illustrated notes

Levels and vault maps discovered:
D:1:      matt_arrival_los_fun, layout_basic, serial_shops,
          nicolae_shop_overgrown_old_shop
D:2:      layout_rooms, shapermc_ecumenical_altar_venn, minmay_tall_x
D:3:      layout_loops_ring, lemuel_doored_altar, mainiacjoe_overflow_big_doors,
          kennysheep_generic_room_7, uniq_natasha

Skill      XL: |  1  2  3 |
---------------+----------+-----
Fighting       | 1 2 |  2.5
Dodging        | 3 |  3.4
Polearms       | |  0.7
Stealth        | |  2.9
Spellcasting   | |  2.0
Summonings     | |  4.4

Action                   |  1- 3 |  4- 6 || total
-------------------------+-------+-------++-------
Melee: Club              |    12 |       ||    12
       Unarmed           |     8 |       ||     8
       Spear             |    98 |   101 ||   199
 Cast: Summon Small Mamm |    25 |       ||    25
       Call Imp          |     8 |    10 ||    18
  Use: Scroll            |       |     1 ||     1
 Stab: Sleeping          |     7 |     6 ||    13
Armor: Robe              |    11 |    15 ||    26
Dodge: Dodged            |    68 |    49 ||   117
